 Dungeon Crawl Stone Soup version 0.22-b1-21-g5cfc1688f2 (webtiles) character file.

783 IcyTea the Cutter (level 7, -8/48 HPs)
             Began as a Vampire Artificer on Aug 8, 2018.
             Killed by divine providence
             ... invoked by an orc priest
              (10 damage)
             ... on level 5 of the Dungeon.
             The game lasted 00:15:32 (5601 turns).

IcyTea the Cutter (Vampire Artificer)               Turns: 5601, Time: 00:15:33

Health: -8/48      AC:  5    Str: 11      XL:     7   Next: 55%
Magic:  9/9        EV: 12    Int: 16      God:
Gold:   186        SH:  4    Dex: 11 (14) Spells: 6/6 levels left

rFire    . . .     SeeInvis +   a - +3 dagger (venom)
rCold    + . .     Gourm    .   o - +0 buckler
rNeg     + + .     Faith    .   t - +0 leather armour
rPois    +         Spirit   .   u - +0 helmet
rElec    .         Reflect  .   n - +0 cloak
rCorr    .         Harm     .   (no gloves)
MR       .....                  (no boots)
Stlth    +++.......             (no amulet)
HPRegen  0.08/turn              (no ring)
MPRegen  0.11/turn              (no ring)

@: regenerating slowly
A: fangs 3, see invisible, unbreathing
a: Bat Form


You were on level 5 of the Dungeon.
You were near bloodless.

You visited 1 branch of the dungeon, and saw 5 of its levels.

You collected 186 gold pieces.

Inventory:

Hand Weapons
 a - a +3 dagger of venom (weapon)
 b - a +0 blowgun
 j - a +0 short sword
Missiles
 q - 6 tomahawks (quivered)
Armour
 n - a +0 cloak (worn)
 o - a +0 buckler (worn)
 t - a +0 leather armour (worn)
 u - a +0 helmet (worn)
Wands
 c - a wand of flame (14)
 d - a wand of enslavement (14)
 e - a wand of random effects (14)
 r - a wand of iceblast (4)
 s - a wand of disintegration (8)
Scrolls
 h - 6 scrolls of identify
 i - 6 scrolls of remove curse
 m - 3 scrolls of teleportation
 w - 2 scrolls of blinking
Potions
 f - 5 potions of blood
 g - 2 potions of flight
 k - a potion of invisibility
 l - a potion of brilliance
 p - 2 potions of berserk rage
 v - a potion of lignification


   Skills:
 - Level 1.0 Fighting
 + Level 7.0 Short Blades
 - Level 2.1 Dodging
 - Level 4.2 Stealth
 - Level 4.2 Shields
 - Level 2.6 Evocations


You had 6 spell levels left.
You didn't know any spells.
Your spell library was empty.

Dungeon Overview and Level Annotations

Branches:
Dungeon (5/15)
 Temple: D:4-7

Altars:
Kikubaaqudgha
Zin


Innate Abilities, Weirdness & Mutations

You heal slowly.
You have razor-sharp teeth.
You have supernaturally acute eyesight. (SInv)
You can survive without breathing.


Message History

The orc freezes you.
* * * LOW HITPOINT WARNING * * *
Things that are here:
a leather armour; an orc corpse
Okay, then.
Use e to drain blood from corpses.
You hit the orc priest.
The orc priest is poisoned.
The orc priest is lightly wounded.
The orc priest misses you.
You closely miss the orc priest.
The orc priest is lightly wounded.
The orc misses you. The orc priest hits you.
* * * LOW HITPOINT WARNING * * *
You hit the orc but do no damage.
The orc looks as sick as possible!
Your bite misses the orc. The orc misses you.
You hit the orc but do no damage. You bite the orc, but do no damage.
The orc is moderately wounded.
The orc priest invokes the aid of Beogh against you.
Beogh smites you!
You die...

#.........#
#.........#
#.........#
##.......########
#.........#.....#
#...............#
#...............# #
#........o#.....##..
#.......o@.(.......#
##.......##.....##
##.(...###.(...# #
####.## #.....###...
#.# #........... #.#
#...)..###.. #.#
####....# #
#.##....o#..# ..#
#.#..####...#


You could see an orc priest and an orc.

Vanquished Creatures
  2 ogres (D:4)
  A centaur (D:5)
  A scorpion (D:5)
  2 howler monkeys (D:5)
  A bullfrog zombie (D:5)
  Crazy Yiuf (D:4)
  2 orc priests
  2 worker ants
  4 gnolls (D:3)
  8 adders
  An ooze (D:5)
  6 worms
  2 dart slugs
  4 leopard geckos
  7 orcs
  8 bats
  4 giant cockroaches
  9 goblins
  8 hobgoblins
  10 jackals
  2 ball pythons
  8 frilled lizards
  5 kobolds
  A quokka skeleton (D:4)
  15 rats
114 creatures vanquished.

Notes
Turn   | Place    | Note
-------+----------+-------------------------------------------
     0 | D:1      | IcyTea the Vampire Artificer began the quest for the Orb.
     0 | D:1      | Reached XP level 1. HP: 14/14 MP: 2/2
   160 | D:1      | Reached skill level 2 in Short Blades
   181 | D:1      | Reached XP level 2. HP: 13/20 MP: 4/4
   644 | D:1      | Reached skill level 3 in Short Blades
   729 | D:1      | Reached XP level 3. HP: 23/25 MP: 5/5
  1148 | D:2      | Reached skill level 4 in Short Blades
  1210 | D:2      | Reached XP level 4. HP: 22/31 MP: 6/6
  2148 | D:2      | Found a faded altar of an unknown god.
  2447 | D:3      | Reached XP level 5. HP: 36/36 MP: 7/7
  2676 | D:3      | Reached skill level 5 in Short Blades
  2836 | D:3      | Reached skill level 1 in Fighting
  3069 | D:3      | Found a glowing silver altar of Zin.
  3851 | D:4      | Noticed an ogre
  3872 | D:4      | Killed an ogre
  3872 | D:4      | Reached XP level 6. HP: 37/43 MP: 8/8
  4249 | D:4      | Found an ancient bone altar of Kikubaaqudgha.
  4597 | D:4      | Found a runed door.
  4601 | D:4      | Noticed Crazy Yiuf
  4605 | D:4      | Killed Crazy Yiuf
  4674 | D:5      | Entered Level 5 of the Dungeon
  4689 | D:5      | Reached XP level 7. HP: 45/48 MP: 9/9
  5415 | D:5      | Reached skill level 6 in Short Blades
  5589 | D:5      | Reached skill level 7 in Short Blades
  5599 | D:5      | HP: 1/48 [orc priest (6)]
  5601 | D:5      | Killed from afar by an orc priest

Skill      XL: |  1  2  3  4  5  6  7 |
---------------+----------------------+-----
Short Blades   | 2 3 4 5 7 |  7.0
Stealth        | 2 4 |  4.2
Fighting       | 1 |  1.0
Shields        | 2 3 4 |  4.2
Dodging        | |  2.1
Evocations     | |  2.6

Action                   |  1- 3 |  4- 6 |  7- 9 || total
-------------------------+-------+-------+-------++-------
Melee: Short sword       |    63 |       |       ||    63
       Dagger            |    45 |   182 |    57 ||   284
       Bite              |    10 |    17 |     2 ||    29
Evoke: Wand              |     3 |       |       ||     3
  Use: Scroll            |     2 |     5 |       ||     7
       Potion            |     2 |    10 |     1 ||    13
 Stab: Distracted        |     1 |     1 |       ||     2
       Sleeping          |     5 |    11 |     1 ||    17
  Eat: Corpse            |     1 |     4 |       ||     5
Armor: Leather armour    |    25 |    29 |    10 ||    64
Dodge: Dodged            |    67 |    80 |    26 ||   173
Block: Buckler           |       |     2 |     6 ||     8
